 Dungeon Crawl Stone Soup version 0.25.0-9-g26727b657a (webtiles) character file.

Game seed: 14359991196085325724

460 Curus the Basher (level 6, -1/51 HPs)
             Began as a Minotaur Berserker on June 17, 2020.
             Was a Believer of Trog.
             Slain by an ogre
             ... wielding a +0 giant club
              (9 damage)
             ... on level 4 of the Dungeon.
             The game lasted 00:14:42 (3147 turns).

Curus the Basher (Minotaur Berserker)               Turns: 3147, Time: 00:14:42

Health: -1/51      AC: 14    Str: 22    XL:     6   Next: 78%
Magic:  5/5        EV:  7    Int:  6    God:    Trog [**....]
Gold:   170        SH:  0    Dex:  9    Spells: 5/5 levels left

rFire    . . .     SeeInvis +   r - +1 flail
rCold    . . .     Gourm    .   (no shield)
rNeg     . . .     Faith    .   q - +0 plate armour
rPois    .         Spirit   .   (helmet restricted)
rElec    .         Reflect  .   f - +1 cloak
rCorr    .         Harm     .   u - +0 pair of gloves
MR       ++...                  (no boots)
Stlth    ..........             (no amulet)
HPRegen  1.17/turn              i - ring of see invisible
MPRegen  0.09/turn              (no ring)

@: about to teleport, berserk cooldown, regenerating, slowed, very slow
A: retaliatory headbutt, horns 2
a: Berserk, Trog's Hand, Renounce Religion


You were on level 4 of the Dungeon.
You worshipped Trog.
Trog was pleased with you.
You were not hungry.

You visited 1 branch of the dungeon, and saw 4 of its levels.

You collected 170 gold pieces.

Inventory:

Hand Weapons
 a - a +0 mace
 r - a +1 flail (weapon)
Armour
 b - a +0 animal skin
 f - a +1 cloak (worn)
 h - a +0 ring mail
 j - +0 ice dragon scales
 p - a -2 scale mail
 q - a +0 plate armour (worn)
 t - a +0 chain mail
 u - a +0 pair of gloves (worn)
Jewellery
 i - a ring of see invisible (left hand)
 m - a -4 ring of strength
Scrolls
 g - 2 scrolls of identify
 l - a scroll of magic mapping
 v - a scroll of remove curse
Potions
 d - 2 potions of stabbing
 e - a potion of lignification
 k - 2 potions of heal wounds
 o - 2 potions of curing
Comestibles
 c - 6 rations
 n - 3 chunks of flesh


   Skills:
 - Level 3.6 Fighting
 + Level 9.3 Maces & Flails
 - Level 2.4 Armour
 - Level 2.1 Dodging


You had 5 spell levels left.
You didn't know any spells.
Your spell library was empty.

Dungeon Overview and Level Annotations

Branches:
Dungeon (4/15)
 Temple: D:4-7

Altars:
Kikubaaqudgha


Innate Abilities, Weirdness & Mutations

You reflexively headbutt those who attack you in melee.
You have a pair of horns on your head.


Message History

You feel a strong urge to attack something.
You start resting.
You feel your anger nearly subside.
You are no longer berserk.
You are exhausted.
You feel yourself slow down.
You start resting.
An ogre comes into view. It is wielding a +0 giant club.
The ogre shouts!
Your skin crawls.
You feel resistant to hostile enchantments.
You feel quite a bit more hungry.
The ogre hits you with a +0 giant club!!
* * * LOW HITPOINT WARNING * * *
You hit the ogre but do no damage. The ogre hits you but does no damage.
As you read the scroll of teleportation, it crumbles to dust.
You feel strangely unstable. The ogre barely misses you.
You thump the ogre!
The ogre is moderately wounded.
The ogre hits you with a +0 giant club!
You die...

#.#.#.#.#.#.#.#.#
# #.#
#.#.#.#.#.#.#.#.#
#..
#.#.#.#.#.#.#.#.#
#..
.#.#.#.#.#.#.#.#.#
..
.#.#.#.#.#.#.#.#.#
.#.#.#.#.#.#.#.#.
#.#.#.#.#.#.#.#.
#.#†#.#.#.#.#.#.
#.#.#.#@#.#.#.#.
.#.#.#.#O#.#.#.#
#.#.#.# #.#.#.#.
#.#.#.# #.#.#.
#.#.#.# #.#.
.#.#.# #.# .#.#
#.# .# #.


You could see an ogre.

Vanquished Creatures
  2 ogres (D:3)
  A howler monkey (D:4)
  2 hounds (D:4)
  An iguana (D:4)
  2 worker ants
  3 adders
  3 gnolls (D:4)
  3 worms
  A dart slug (D:3)
  A leopard gecko (D:2)
  An orc (D:3)
  8 bats
  2 giant cockroaches
  5 goblins
  8 hobgoblins
  3 jackals (D:2)
  10 kobolds
  3 quokkas (D:3)
  6 frilled lizards
  A leopard gecko zombie (D:2)
  3 rats
69 creatures vanquished.

Notes
Turn   | Place    | Note
-------+----------+-------------------------------------------
     0 | D:1      | Curus the Minotaur Berserker began the quest for the Orb.
     0 | D:1      | Reached XP level 1. HP: 19/19 MP: 0/0
   315 | D:1      | Reached skill level 4 in Maces & Flails
   531 | D:1      | Reached XP level 2. HP: 25/26 MP: 1/1
  1251 | D:2      | Reached skill level 5 in Maces & Flails
  1281 | D:2      | Reached XP level 3. HP: 28/31 MP: 2/2
  1583 | D:2      | Reached ** piety under Trog
  2053 | D:3      | Reached skill level 6 in Maces & Flails
  2053 | D:3      | Reached XP level 4. HP: 34/39 MP: 3/3
  2152 | D:3      | Found an ancient bone altar of Kikubaaqudgha.
  2337 | D:3      | Noticed an ogre
  2349 | D:3      | Killed an ogre
  2349 | D:3      | Reached skill level 7 in Maces & Flails
  2349 | D:3      | Reached XP level 5. HP: 32/45 MP: 4/4
  2688 | D:3      | Noticed an ogre
  2692 | D:3      | Killed an ogre
  2692 | D:3      | Reached skill level 8 in Maces & Flails
  2692 | D:3      | Reached XP level 6. HP: 32/51 MP: 5/5
  3105 | D:4      | Reached skill level 9 in Maces & Flails
  3147 | D:4      | Slain by an ogre

Illustrated notes

Levels and vault maps discovered:
D:1:      heliophobic_arrival_enchanted_forest, layout_rooms,
          serial_co_window_serial, co_window_paths_a, co_window_paths_a,
          co_window_of_opportunity_a, co_window_paths_a,
          co_window_of_opportunity_a, co_window_unsneaky_path_b,
          co_window_unsneaky_path_b, co_window_corner_b, co_window_broadway_b,
          co_window_cross_3, co_window_4corner_b
D:2:      layout_basic
D:3:      layout_loops_ring, kiku_gazebo_pond_becter
D:4:      layout_basic, first_ration

Skill      XL: |  1  2  3  4  5  6 |
---------------+-------------------+-----
Maces & Flails | 4 5 6 7 8 9 |  9.3
Fighting       | |  3.6
Armour         | |  2.4
Dodging        | |  2.1

Action                   |  1- 3 |  4- 6 || total
-------------------------+-------+-------++-------
Melee: Mace              |   100 |    13 ||   113
       Headbutt          |    10 |    11 ||    21
       Flail             |       |    83 ||    83
Invok: Berserk           |     1 |     2 ||     3
       Trog's Hand       |       |     1 ||     1
  Use: Potion            |     4 |     1 ||     5
       Scroll            |     8 |     4 ||    12
  Eat: Chunk             |     4 |     6 ||    10
Armor: Animal skin       |     5 |       ||     5
       Ring mail         |    23 |     2 ||    25
       Scale mail        |       |     3 ||     3
       Chain mail        |       |     1 ||     1
       Plate armour      |       |    44 ||    44
Dodge: Dodged            |    51 |    47 ||    98
